 Dungeon Crawl Stone Soup version 0.31-a0-1338-gb567cfdca4 (webtiles) character file.

Game seed: 6440864127855781564

450 wildpjah the Slasher (level 6, 0/46 HPs)
             Began as a Demonspawn Gladiator on Dec 22, 2023.
             Was a Believer of Okawaru.
             Slain by an orc warrior
             ... wielding a +0 long sword
              (4 damage)
             ... on level 5 of the Dungeon.
             The game lasted 00:09:32 (2870 turns).

wildpjah the Slasher (Demonspawn Gladiator)         Turns: 2870, Time: 00:09:33

Health: 0/46       AC:  6    Str: 14    XL:     6   Next: 74%
Magic:  6/6        EV: 13    Int:  9    God:    Okawaru [**....]
Gold:   321        SH:  0    Dex: 16    Spells: 5/5 levels left

rFire   . . .        a - +0 long sword
rCold   + . .        (no shield)
rNeg    . . .        b - +0 leather armour
rPois   .            c - +0 helmet
rElec   .            (no cloak)
rCorr   .            k - +0 pair of gloves
SInv    +            g - +0 pair of boots
Will    .....        s - amulet of regeneration
Stlth   ++           w - ring of protection from cold
HPRegen 1.07/turn    x - ring of see invisible
MPRegen 0.10/turn

%: no passive effects
@: no status effects
A: claws 2, powered by death 1
a: Renounce Religion, Heroism


You were on level 5 of the Dungeon.
You worshipped Okawaru.
Okawaru was pleased with you.
You visited 1 branch of the dungeon, and saw 5 of its levels.

You collected 321 gold pieces.

Inventory:

Hand Weapons
 a - a +0 long sword (weapon)
Missiles
 e - 5 javelins
 l - 5 poisoned darts
 m - 9 boomerangs
Armour
 b - a +0 leather armour (worn)
 c - a +0 helmet (worn)
 g - a +0 pair of boots (worn)
 k - a +0 pair of gloves (worn)
Jewellery
 s - an amulet of regeneration (around neck)
 w - a ring of protection from cold (left hand)
 x - a ring of see invisible (right hand)
Wands
 v - a wand of polymorph (17)
 y - a wand of flame (13)
Scrolls
 f - 7 scrolls of identify {unknown}
 i - a scroll of brand weapon {unknown}
 n - a scroll of acquirement {unknown}
 p - a scroll of teleportation {unknown}
 q - 3 scrolls of vulnerability {unknown}
 r - a scroll of poison {unknown}
Potions
 h - a potion of might {unknown}
 j - a potion of cancellation {unknown}
 o - a potion of lignification {unknown}
 t - 2 potions of degeneration {unknown}
 u - a potion of attraction {unknown}
 z - a potion of enlightenment {unknown}
 A - a potion of resistance {unknown}
 B - a potion of invisibility {unknown}
 C - a potion of mutation {unknown}


   Skills:
 + Level 2.7 Fighting
 * Level 5.9 Long Blades
 + Level 2.0 Throwing
 + Level 1.7 Armour
 + Level 3.3 Dodging
 + Level 1.1 Stealth
 + Level 0.1 Unarmed Combat


You had 5 spell levels left.
You didn't know any spells.
Your spell library contained the following spells:

 Spells                   Type           Power      Damage    Failure   Level
 Magic Dart               Conj           0%         1d3       45%         1
 Shock                    Conj/Air       0%         1d3       45%         1
 Swiftness                Air            0%         N/A       83%         3
 Airstrike                Air            0%         2d(0-16)  99%         4


Dungeon Overview and Level Annotations

Branches:
Dungeon (5/15)
 Temple: D:4-7

Altars:
Kikubaaqudgha
Okawaru
Sif Muna
Vehumet

Shops:
D:2 ?   D:5 =


Innate Abilities, Weirdness & Mutations

You have very sharp fingernails.
You regenerate a little health from kills.


Message History

The net rips apart, and the orc warrior comes free!
You hit the orc warrior but do no damage.
The orc warrior is moderately wounded.
The orc warrior barely misses you.
You barely miss the orc warrior.
The orc warrior is moderately wounded.
The orc warrior barely misses you.
You hit the orc warrior but do no damage.
The orc warrior is moderately wounded.
The orc warrior hits you with a +0 long sword!
Throw: throwing net
Press: ? - help, Q - select action, (/) - cycle Shift-Dir - straight line, f/p - orc warrior
Aim: an orc warrior, wielding a +0 long sword and wearing a +0 plate armour (moderately wounded, 59% to hit)
You throw a throwing net.
The throwing net closely misses the orc warrior.
The orc warrior hits you but does no damage.
Aiming: Polymorph
Press: ? - help, Q - select action, (/) - cycle Shift-Dir - straight line, f/p - orc warrior
Aim: an orc warrior, wielding a +0 long sword and wearing a +0 plate armour (moderately wounded, will become an acid dragon, a jelly, or a scorpion, chance to affect: 49%)
Okay, then.
Activating: Heroism (10% risk of failure)
Press: ? - help, Q - select action, (/) - cycle Dir - look around, f - activate You fail to use your ability.
The orc warrior misses you.
You hit the orc warrior.
The orc warrior is heavily wounded.
The orc warrior hits you with a +0 long sword!
* * * LOW HITPOINT WARNING * * *
You closely miss the orc warrior.
The orc warrior is heavily wounded.
The orc warrior hits you but does no damage.
You barely miss the orc warrior.
The orc warrior is heavily wounded.
The orc warrior misses you.
The orc warrior hits you with a +0 long sword!
* * * LOW HITPOINT WARNING * * *
You hit the orc warrior.
The orc warrior is severely wounded.
The orc warrior hits you with a +0 long sword.
You die...

#.# ######### ...
#(..o@..## #.#
#$.#.###..# #####.# #
#..## ...##.# #.##
##.##.# #..## #.##.#
##..#
##.##.##########.##.#
#..)#.....#.#.#.##..#
......###......)...##


You could see an orc warrior.

Vanquished Creatures
  Sigmund (D:5)
  An ogre (D:4)
  A sleepcap (D:5)
  Ijyb (D:5)
  An iguana (D:4)
  Robin (D:3)
  2 adders (D:3)
  A gnoll (D:1)
  2 worms
  3 dart slugs
  5 orcs
  8 endoplasms
  A giant cockroach (D:2)
  11 hobgoblins
  5 jackals (D:2)
  2 quokkas
  9 ball pythons
  5 bats
  3 frilled lizards
  14 goblins
  6 kobolds
  4 rats
87 creatures vanquished.

Notes
Turn   | Place    | Note
-------+----------+-------------------------------------------
     0 | D:1      | wildpjah the Demonspawn Gladiator began the quest for the
                  | Orb.
     0 | D:1      | Reached XP level 1. HP: 16/16 MP: 1/1
    55 | D:1      | Found a faded altar of an unknown god.
    68 | D:1      | Prayed at the altar of an unknown god.
    68 | D:1      | Became a worshipper of Warmaster Okawaru
    68 | D:1      | Reached * piety under Okawaru
   145 | D:1      | Reached skill level 3 in Long Blades
   173 | D:1      | Gained mutation: You regenerate a little health from kills.
                  | [demonic ancestry]
   173 | D:1      | Reached XP level 2. HP: 18/22 MP: 2/2
   771 | D:1      | Gained mutation: You have sharp fingernails. [demonic
                  | ancestry]
   771 | D:1      | Reached XP level 3. HP: 27/27 MP: 3/3
   894 | D:2      | Found Bohecale's Magic Scroll Boutique.
   973 | D:2      | You fall into a shaft and drop 1 floor!
  1570 | D:3      | Reached XP level 4. HP: 33/33 MP: 4/4
  1579 | D:3      | Noticed Robin
  1586 | D:3      | Reached skill level 4 in Long Blades
  1605 | D:3      | Killed Robin
  1967 | D:4      | Found an ancient bone altar of Kikubaaqudgha.
  1970 | D:4      | Found a shimmering blue altar of Sif Muna.
  1973 | D:4      | Found a radiant altar of Vehumet.
  1978 | D:4      | Got Vehumet's Opusculum on Fulmination
  2087 | D:4      | Noticed an ogre
  2098 | D:4      | Killed an ogre
  2099 | D:4      | Reached skill level 1 in Armour
  2099 | D:4      | Reached XP level 5. HP: 13/39 MP: 5/5
  2140 | D:4      | Reached ** piety under Okawaru
  2141 | D:4      | Reached skill level 5 in Long Blades
  2677 | D:5      | Entered Level 5 of the Dungeon
  2677 | D:5      | Found Beceut's Jewellery Shop.
  2699 | D:5      | Noticed Ijyb
  2738 | D:5      | Killed Ijyb
  2739 | D:5      | Gained mutation: You have very sharp fingernails. [demonic
                  | ancestry]
  2739 | D:5      | Reached XP level 6. HP: 26/46 MP: 6/6
  2811 | D:5      | Noticed Sigmund
  2824 | D:5      | Killed Sigmund
  2825 | D:5      | Reached skill level 1 in Stealth
  2845 | D:5      | Noticed an orc warrior
  2870 | D:5      | Slain by an orc warrior

Illustrated notes

Levels and vault maps discovered:
D:1:      dpeg_arrival_long_road, layout_basic, ebering_ecumenical_altar_rust,
          interstate_on_off
D:2:      layout_basic, serial_shops, shop
D:3:      layout_rooms, uniq_robin
D:4:      minmay_wonky_spiral, layout_loops_ring,
          grunt_temple_overflow_magic_moments
D:5:      layout_loops_ring, serial_shops, nicolae_stop_n_shop_1,
          nicolae_eternal_life, minmay_small_thing, uniq_sigmund, uniq_menkaure,
          uniq_ijyb, uniq_pikel

Skill      XL: |  1  2  3  4  5  6 |
---------------+-------------------+-----
Long Blades    | 3 4 5 |  5.9
Dodging        | 3 |  3.3
Armour         | 1 |  1.7
Throwing       | 2 |  2.0
Stealth        | 1 |  1.1
Fighting       | |  2.7
Unarmed Combat | |  0.1

Action                     |  1- 3 |  4- 6 || total
---------------------------+-------+-------++-------
  Melee: Long sword        |   128 |   141 ||   269
         Unarmed           |       |    16 ||    16
         Punch             |       |     1 ||     1
  Throw: Throwing net      |       |     5 ||     5
 Invoke: Heroism           |       |     3 ||     3
   Stab: Sleeping          |     1 |     1 ||     2
         Distracted        |     1 |       ||     1
         Held in net/web   |       |     3 ||     3
 Armour: Leather armour    |    88 |   137 ||   225
         Skin              |       |     9 ||     9
  Dodge: Dodged            |   104 |   189 ||   293

Table legend: (Time is in decaauts)
 A = Elapsed time spent in this place.
 B = Non-inter-level travel time spent in this place.
 C = Inter-level travel time spent in this place.
 D = Time resting spent in this place.
 E = Time spent auto-exploring this place.
 F = Levels seen in this place.
 G = Mean time per level.
                   A        B        C        D        E       F      G
               +--------+--------+--------+--------+--------+-----+--------+
         Total |   2906 |   2837 |     69 |      0 |   2155 |   5 |  581.2 |
       Dungeon |   2906 |   2837 |     69 |      0 |   2155 |   5 |  581.2 |
               +--------+--------+--------+--------+--------+-----+--------+

Top non-repeatable levels by time:
     D:1: 870 daAuts
     D:4: 771 daAuts
     D:2: 646 daAuts
     D:3: 429 daAuts
     D:5: 188 daAuts
